[ AOE2 MATCH · #472829170 ]
UnrankedSpanish vs Vikings
[ REPLAY ANALYSIS · EXTRACTED FROM THE RECORDED GAME ]
Feudal
13:40
Castle
17:10
Imperial
—
| APM avg | 35.4 |
| APM peak | 73 |
| eAPM avg | 17.5 |
| Villagers / military | 72 / 29 |
Focus
⚔️ 32.4% · 🌾 67.6%
Conquistador ×26 · Fishing Ship ×10 · Battering Ram ×2 · Mangonel ×1
Feudal
13:11
Castle
17:07
Imperial
—
| APM avg | 58.2 |
| APM peak | 93 |
| eAPM avg | 28.5 |
| Villagers / military | 67 / 40 |
Focus
⚔️ 35.2% · 🌾 64.8%
Longboat ×27 · Fire Galley ×13 · Fishing Ship ×12 · Unknown (2626) ×1
Feudal
11:33
Castle
23:28
Imperial
—
| APM avg | 55.6 |
| APM peak | 89 |
| eAPM avg | 26.5 |
| Villagers / military | 131 / 20 |
Focus
⚔️ 15.5% · 🌾 84.5%
Galley ×20 · Unknown (2626) ×12 · Fishing Ship ×11 · Trade Cart ×1
Feudal
13:07
Castle
16:41
Imperial
—
| APM avg | 53.4 |
| APM peak | 79 |
| eAPM avg | 26.9 |
| Villagers / military | 87 / 59 |
Focus
⚔️ 37.7% · 🌾 62.3%
Cavalry Archer ×56 · Fishing Ship ×8 · Fire Galley ×2 · Archer ×1
Feudal
12:35
Castle
17:04
Imperial
—
| APM avg | 37.3 |
| APM peak | 83 |
| eAPM avg | 18.3 |
| Villagers / military | 69 / 31 |
Focus
⚔️ 27.6% · 🌾 72.4%
Monk ×12 · Galley ×12 · Fishing Ship ×10 · Fire Galley ×5 · Unknown (2626) ×4 · Armored Elephant ×2
Feudal
13:54
Castle
17:39
Imperial
30:13
| APM avg | 43.8 |
| APM peak | 73 |
| eAPM avg | 28.1 |
| Villagers / military | 144 / 18 |
Focus
⚔️ 29.0% · 🌾 71.0%
Fishing Ship ×18 · Boyar ×10 · Fire Galley ×4 · Unknown (2626) ×4 · Scout Cavalry ×2 · Demolition Raft ×1
Feudal
13:04
Castle
16:39
Imperial
—
| APM avg | 43.1 |
| APM peak | 96 |
| eAPM avg | 13.6 |
| Villagers / military | 65 / 21 |
Focus
⚔️ 17.8% · 🌾 82.2%
Conquistador ×21 · Fishing Ship ×11
Feudal
12:56
Castle
16:30
Imperial
—
| APM avg | 38.2 |
| APM peak | 64 |
| eAPM avg | 23.4 |
| Villagers / military | 98 / 45 |
Focus
⚔️ 38.2% · 🌾 61.8%
Plumed Archer ×41 · Fishing Ship ×10 · Fire Galley ×4
Match map
Initial resources + every placement click. Lines = walls · curves = elevation contours. ◆ gold · ⬟ stone · ● berries · ✦ relic · ◌ wall gap
Your base· Open — unwalled flank
RoR | Yokohama's base· Open — 4t gap
JeFoRcE's base· Open — unwalled flank
带带大师兄's base· Open — 4t gap
3L GR4N JUJA's base· Open — unwalled flank
_LY_Bad Koala's base· Open — 4t gap
leonrules8's base· Open — unwalled flank
旋律's base· Open — unwalled flank
Smoothed initial terrain · ◌ = detected wall gap · hover for details
Inputs per minute
— Djo - - RoR | Yokohama
Build order — Djo
First 150 of 181 actions detected
| 0:30 | Build | Town Center |
| 2:08 | Build | Dock |
| 2:10 | Build | House |
| 3:00 | Create | Villager (Male) |
| 3:01 | Create | Villager (Male) |
| 3:01 | Create | Villager (Male) |
| 3:01 | Create | Villager (Male) |
| 4:33 | Create | Fishing Ship |
| 4:43 | Create | Villager (Male) |
| 5:02 | Build | House |
| 5:08 | Research | Loom |
| 5:29 | Create | Villager (Male) |
| 5:32 | Create | Fishing Ship |
| 6:05 | Create | Villager (Male) |
| 6:23 | Build | House |
| 6:27 | Create | Villager (Male) |
| 6:39 | Create | Fishing Ship |
| 6:39 | Create | Fishing Ship |
| 6:52 | Create | Villager (Male) |
| 7:08 | Create | Villager (Male) |
| 7:27 | Create | Fishing Ship |
| 7:27 | Create | Fishing Ship |
| 7:36 | Create | Villager (Male) |
| 7:47 | Build | House |
| 7:59 | Create | Villager (Male) |
| 7:59 | Create | Villager (Male) |
| 8:01 | Create | Fishing Ship |
| 8:04 | Create | Villager (Male) |
| 8:32 | Create | Villager (Male) |
| 8:43 | Create | Fishing Ship |
| 8:44 | Create | Villager (Male) |
| 9:13 | Create | Villager (Male) |
| 9:15 | Build | Mill |
| 9:25 | Build | House |
| 9:35 | Create | Villager (Male) |
| 9:47 | Create | Villager (Male) |
| 9:54 | Build | Mill |
| 10:19 | Create | Villager (Male) |
| 10:24 | Create | Fishing Ship |
| 10:51 | Build | Mining Camp |
| 11:01 | Build | House |
| 11:24 | Research | Feudal Age |
| 11:25 | Research | Feudal Age |
| 11:31 | Build | Palisade Wall |
| 11:52 | Create | Fishing Ship |
| 12:07 | Build | House |
| 12:23 | Build | Palisade Wall |
| 13:11 | Create | Villager (Male) |
| 13:23 | Create | Villager (Male) |
| 13:23 | Create | Villager (Male) |
| 13:40 | Age | Feudal Age |
| 13:43 | Build | Market |
| 13:45 | Build | Blacksmith |
| 14:15 | Build | Palisade Wall |
| 14:16 | Build | Palisade Wall |
| 14:19 | Build | Palisade Wall |
| 14:25 | Build | Palisade Wall |
| 14:29 | Research | Castle Age |
| 14:29 | Research | Castle Age |
| 16:12 | Build | Dock |
| 16:31 | Build | Palisade Gate |
| 16:47 | Build | Palisade Wall |
| 16:48 | Build | Palisade Wall |
| 17:03 | Create | Villager (Male) |
| 17:10 | Age | Castle Age |
| 17:16 | Build | Castle |
| 17:27 | Create | Villager (Male) |
| 17:54 | Build | Lumber Camp |
| 18:02 | Create | Conquistador |
| 18:03 | Create | Conquistador |
| 18:03 | Create | Conquistador |
| 18:07 | Create | Villager (Male) |
| 18:30 | Create | Villager (Male) |
| 18:31 | Create | Villager (Male) |
| 18:33 | Create | Conquistador |
| 18:33 | Create | Conquistador |
| 18:35 | Research | Padded Archer Armor |
| 18:35 | Research | Padded Archer Armor |
| 18:56 | Create | Conquistador |
| 19:24 | Create | Villager (Male) |
| 19:27 | Build | Siege Workshop |
| 19:32 | Create | Villager (Male) |
| 19:36 | Build | Farm |
| 19:49 | Create | Conquistador |
| 19:49 | Create | Conquistador |
| 20:04 | Build | House |
| 20:27 | Create | Villager (Male) |
| 20:35 | Create | Mangonel |
| 20:36 | Research | Leather Archer Armor |
| 20:37 | Create | Villager (Male) |
| 20:47 | Create | Conquistador |
| 20:47 | Create | Conquistador |
| 21:01 | Create | Villager (Male) |
| 21:05 | Build | Town Center |
| 21:10 | Create | Conquistador |
| 21:16 | Create | Villager (Male) |
| 21:29 | Build | Farm |
| 21:30 | Build | Farm |
| 21:42 | Create | Villager (Male) |
| 21:57 | Create | Villager (Male) |
| 22:02 | Create | Villager (Male) |
| 22:02 | Create | Villager (Male) |
| 22:02 | Create | Villager (Male) |
| 22:15 | Create | Battering Ram |
| 22:17 | Build | Farm |
| 22:22 | Create | Villager (Male) |
| 22:24 | Create | Conquistador |
| 22:24 | Create | Conquistador |
| 22:39 | Create | Villager (Male) |
| 22:39 | Create | Villager (Male) |
| 22:44 | Research | Gold Mining |
| 22:45 | Research | Gold Mining |
| 22:54 | Create | Battering Ram |
| 23:05 | Create | Villager (Male) |
| 23:07 | Create | Conquistador |
| 23:08 | Create | Conquistador |
| 23:25 | Create | Conquistador |
| 24:10 | Create | Villager (Male) |
| 24:10 | Create | Villager (Male) |
| 24:17 | Create | Villager (Male) |
| 24:18 | Create | Villager (Male) |
| 24:26 | Create | Villager (Male) |
| 24:26 | Create | Villager (Male) |
| 24:28 | Build | Farm |
| 24:29 | Build | Farm |
| 24:38 | Create | Villager (Male) |
| 24:38 | Create | Villager (Male) |
| 24:39 | Create | Villager (Male) |
| 24:41 | Build | Farm |
| 24:47 | Build | Farm |
| 24:48 | Build | Farm |
| 24:50 | Build | Farm |
| 24:50 | Build | Farm |
| 24:58 | Build | Stone Wall |
| 25:14 | Create | Villager (Male) |
| 25:14 | Create | Villager (Male) |
| 25:16 | Build | House |
| 25:16 | Build | House |
| 25:27 | Build | Farm |
| 25:31 | Create | Conquistador |
| 25:32 | Create | Conquistador |
| 26:09 | Create | Villager (Male) |
| 26:09 | Create | Villager (Male) |
| 26:26 | Create | Conquistador |
| 26:26 | Create | Conquistador |
| 26:27 | Create | Conquistador |
| 27:15 | Create | Conquistador |
| 27:16 | Create | Conquistador |
| 27:20 | Create | Villager (Male) |
| 27:29 | Build | Town Center |
Build order — RoR | Yokohama
First 150 of 201 actions detected
| 0:11 | Build | Town Center |
| 0:53 | Build | Dock |
| 1:05 | Build | House |
| 1:09 | Build | House |
| 1:38 | Build | House |
| 2:30 | Create | Villager (Male) |
| 2:30 | Create | Villager (Male) |
| 2:30 | Create | Villager (Male) |
| 2:30 | Create | Villager (Male) |
| 2:31 | Create | Villager (Male) |
| 3:20 | Create | Fishing Ship |
| 3:20 | Create | Fishing Ship |
| 3:49 | Build | House |
| 3:57 | Build | House |
| 4:11 | Build | House |
| 4:15 | Research | Loom |
| 4:30 | Build | House |
| 4:37 | Create | Villager (Male) |
| 4:37 | Create | Villager (Male) |
| 4:56 | Create | Fishing Ship |
| 4:56 | Create | Fishing Ship |
| 5:11 | Create | Villager (Male) |
| 5:11 | Create | Villager (Male) |
| 5:27 | Create | Villager (Male) |
| 5:45 | Create | Villager (Male) |
| 5:45 | Create | Villager (Male) |
| 5:50 | Build | House |
| 6:11 | Create | Villager (Male) |
| 6:11 | Create | Villager (Male) |
| 6:25 | Create | Fishing Ship |
| 6:25 | Create | Fishing Ship |
| 6:27 | Create | Villager (Male) |
| 6:27 | Create | Villager (Male) |
| 6:48 | Create | Villager (Male) |
| 6:49 | Create | Villager (Male) |
| 7:01 | Create | Fishing Ship |
| 7:01 | Create | Fishing Ship |
| 7:02 | Create | Villager (Male) |
| 7:30 | Build | House |
| 7:37 | Create | Villager (Male) |
| 7:37 | Create | Villager (Male) |
| 7:44 | Create | Villager (Male) |
| 7:55 | Create | Fishing Ship |
| 8:30 | Create | Villager (Male) |
| 8:32 | Create | Fishing Ship |
| 8:35 | Build | House |
| 9:01 | Create | Villager (Male) |
| 9:08 | Create | Fishing Ship |
| 9:30 | Build | House |
| 9:37 | Create | Villager (Male) |
| 9:40 | Build | House |
| 9:58 | Create | Villager (Male) |
| 9:59 | Create | Villager (Male) |
| 10:14 | Build | Mill |
| 10:45 | Build | Mining Camp |
| 10:57 | Research | Feudal Age |
| 11:08 | Build | House |
| 11:20 | Build | House |
| 11:32 | Create | Fishing Ship |
| 11:35 | Build | House |
| 11:50 | Create | Villager (Male) |
| 12:07 | Build | Dock |
| 12:49 | Create | Villager (Male) |
| 13:11 | Age | Feudal Age |
| 13:14 | Build | Blacksmith |
| 13:17 | Build | Market |
| 14:27 | Research | Castle Age |
| 14:27 | Research | Castle Age |
| 15:13 | Research | Fletching |
| 15:13 | Research | Fletching |
| 15:14 | Research | Gold Mining |
| 15:14 | Research | Gold Mining |
| 15:29 | Build | Dock |
| 15:44 | Build | House |
| 15:48 | Build | House |
| 15:57 | Build | Lumber Camp |
| 16:13 | Research | Double-Bit Axe |
| 16:13 | Research | Double-Bit Axe |
| 16:24 | Create | Villager (Male) |
| 16:24 | Create | Villager (Male) |
| 16:24 | Research | Town Watch |
| 17:07 | Age | Castle Age |
| 17:15 | Create | Longboat |
| 17:15 | Create | Longboat |
| 17:15 | Create | Longboat |
| 17:21 | Research | Bodkin Arrow |
| 17:21 | Research | Bodkin Arrow |
| 17:28 | Build | House |
| 17:41 | Create | Longboat |
| 17:42 | Create | Longboat |
| 17:42 | Create | Longboat |
| 18:10 | Create | Unit 2626 |
| 18:13 | Create | Fire Galley |
| 18:13 | Create | Fire Galley |
| 18:24 | Create | Fire Galley |
| 18:25 | Create | Fire Galley |
| 18:25 | Create | Fire Galley |
| 18:50 | Create | Villager (Male) |
| 18:50 | Create | Villager (Male) |
| 18:50 | Create | Villager (Male) |
| 19:14 | Research | War Galley (upgrade) |
| 19:14 | Research | War Galley (upgrade) |
| 19:24 | Create | Longboat |
| 19:24 | Create | Longboat |
| 19:24 | Create | Longboat |
| 19:41 | Create | Longboat |
| 19:41 | Create | Longboat |
| 19:42 | Create | Longboat |
| 19:57 | Create | Fire Galley |
| 20:15 | Create | Fire Galley |
| 20:15 | Create | Fire Galley |
| 20:25 | Create | Fire Galley |
| 20:25 | Create | Fire Galley |
| 20:32 | Create | Villager (Male) |
| 20:36 | Build | House |
| 20:53 | Create | Longboat |
| 20:53 | Create | Longboat |
| 21:09 | Create | Villager (Male) |
| 21:41 | Create | Villager (Male) |
| 21:44 | Build | House |
| 21:51 | Create | Longboat |
| 21:51 | Create | Longboat |
| 21:59 | Create | Longboat |
| 22:17 | Create | Longboat |
| 22:17 | Create | Longboat |
| 22:17 | Create | Longboat |
| 22:23 | Create | Villager (Male) |
| 22:23 | Create | Villager (Male) |
| 22:24 | Create | Villager (Male) |
| 22:29 | Research | Bow Saw |
| 22:29 | Research | Bow Saw |
| 22:49 | Build | House |
| 22:50 | Build | Mill |
| 22:58 | Create | Longboat |
| 22:58 | Create | Longboat |
| 23:33 | Create | Villager (Male) |
| 23:35 | Build | Town Center |
| 23:43 | Create | Longboat |
| 23:43 | Create | Longboat |
| 23:50 | Research | Horse Collar |
| 23:50 | Research | Horse Collar |
| 23:50 | Create | Villager (Male) |
| 24:12 | Create | Fire Galley |
| 24:12 | Create | Fire Galley |
| 24:12 | Create | Fire Galley |
| 24:14 | Create | Villager (Male) |
| 24:15 | Create | Villager (Male) |
| 24:34 | Create | Longboat |
| 24:34 | Create | Longboat |
| 24:35 | Create | Longboat |
Build order — JeFoRcE
First 150 of 318 actions detected
| 0:13 | Build | Town Center |
| 1:52 | Build | Dock |
| 1:54 | Build | House |
| 2:44 | Create | Villager (Male) |
| 2:45 | Create | Villager (Male) |
| 2:45 | Create | Fishing Ship |
| 2:45 | Create | Fishing Ship |
| 2:47 | Create | Villager (Male) |
| 2:47 | Create | Villager (Male) |
| 3:07 | Create | Villager (Male) |
| 3:07 | Create | Villager (Male) |
| 4:01 | Build | House |
| 4:15 | Create | Fishing Ship |
| 4:15 | Create | Fishing Ship |
| 4:45 | Research | Loom |
| 4:56 | Create | Fishing Ship |
| 4:57 | Create | Villager (Male) |
| 5:38 | Create | Villager (Male) |
| 5:38 | Create | Villager (Male) |
| 5:41 | Build | House |
| 5:59 | Create | Fishing Ship |
| 6:00 | Create | Fishing Ship |
| 6:09 | Create | Villager (Male) |
| 6:09 | Create | Villager (Male) |
| 6:32 | Create | Fishing Ship |
| 6:32 | Create | Fishing Ship |
| 6:35 | Create | Villager (Male) |
| 6:54 | Create | Villager (Male) |
| 7:00 | Build | House |
| 7:16 | Create | Fishing Ship |
| 7:18 | Create | Villager (Male) |
| 7:42 | Create | Villager (Male) |
| 7:47 | Create | Fishing Ship |
| 8:04 | Create | Villager (Male) |
| 8:29 | Create | Villager (Male) |
| 8:36 | Build | Lumber Camp |
| 8:48 | Create | Villager (Male) |
| 9:15 | Build | House |
| 9:29 | Research | Feudal Age |
| 9:29 | Research | Feudal Age |
| 10:35 | Build | Mining Camp |
| 10:52 | Build | Palisade Wall |
| 10:56 | Build | Dock |
| 11:05 | Create | Villager (Male) |
| 11:33 | Age | Feudal Age |
| 11:36 | Create | Unit 2626 |
| 11:40 | Create | Galley |
| 11:42 | Create | Galley |
| 11:45 | Create | Villager (Male) |
| 11:57 | Build | House |
| 11:58 | Research | Double-Bit Axe |
| 12:08 | Create | Villager (Male) |
| 12:14 | Create | Galley |
| 12:15 | Create | Galley |
| 12:20 | Build | House |
| 12:26 | Build | House |
| 12:38 | Create | Villager (Male) |
| 12:44 | Create | Galley |
| 12:57 | Create | Villager (Male) |
| 13:04 | Create | Galley |
| 13:28 | Create | Villager (Male) |
| 13:34 | Build | Dock |
| 13:45 | Create | Villager (Male) |
| 13:47 | Create | Galley |
| 13:47 | Create | Galley |
| 14:01 | Create | Galley |
| 14:02 | Create | Villager (Male) |
| 14:12 | Create | Galley |
| 14:14 | Create | Villager (Male) |
| 14:35 | Create | Galley |
| 14:35 | Create | Galley |
| 14:36 | Create | Galley |
| 14:45 | Build | House |
| 14:51 | Create | Villager (Male) |
| 15:02 | Create | Villager (Male) |
| 15:04 | Create | Galley |
| 15:04 | Create | Galley |
| 15:04 | Create | Galley |
| 15:19 | Create | Galley |
| 15:19 | Create | Galley |
| 15:22 | Create | Villager (Male) |
| 15:28 | Build | House |
| 15:29 | Build | House |
| 15:41 | Create | Villager (Male) |
| 15:51 | Build | Blacksmith |
| 16:01 | Create | Villager (Male) |
| 16:03 | Create | Galley |
| 16:03 | Create | Galley |
| 16:08 | Create | Villager (Male) |
| 16:17 | Create | Unit 2626 |
| 16:20 | Research | Fletching |
| 16:20 | Research | Fletching |
| 16:55 | Create | Villager (Male) |
| 16:58 | Build | Mill |
| 17:01 | Create | Villager (Male) |
| 17:42 | Create | Unit 2626 |
| 17:42 | Create | Unit 2626 |
| 17:42 | Create | Unit 2626 |
| 17:51 | Create | Unit 2626 |
| 17:51 | Create | Unit 2626 |
| 17:53 | Create | Villager (Male) |
| 17:57 | Build | Mill |
| 18:13 | Build | House |
| 18:14 | Build | House |
| 18:20 | Create | Unit 2626 |
| 18:21 | Create | Unit 2626 |
| 18:21 | Create | Unit 2626 |
| 18:40 | Create | Unit 2626 |
| 18:40 | Create | Unit 2626 |
| 18:41 | Create | Villager (Male) |
| 19:07 | Create | Villager (Male) |
| 19:30 | Build | Lumber Camp |
| 19:31 | Create | Villager (Male) |
| 19:53 | Create | Villager (Male) |
| 19:58 | Build | Market |
| 20:23 | Create | Villager (Male) |
| 21:02 | Research | Castle Age |
| 21:03 | Research | Castle Age |
| 21:13 | Build | House |
| 21:14 | Build | House |
| 21:14 | Build | House |
| 21:15 | Build | House |
| 22:10 | Research | Horse Collar |
| 22:37 | Create | Villager (Male) |
| 23:28 | Age | Castle Age |
| 23:36 | Build | Town Center |
| 23:47 | Build | Town Center |
| 23:48 | Create | Villager (Male) |
| 23:49 | Research | Bow Saw |
| 24:03 | Build | Town Center |
| 24:08 | Create | Villager (Male) |
| 24:35 | Create | Villager (Male) |
| 24:36 | Create | Villager (Male) |
| 24:47 | Create | Villager (Male) |
| 24:48 | Create | Villager (Male) |
| 25:01 | Create | Villager (Male) |
| 25:01 | Create | Villager (Male) |
| 25:04 | Create | Villager (Male) |
| 25:05 | Create | Villager (Male) |
| 25:11 | Create | Villager (Male) |
| 25:29 | Build | Town Center |
| 25:31 | Build | Farm |
| 25:31 | Build | Farm |
| 25:31 | Build | Farm |
| 25:31 | Build | Farm |
| 25:32 | Build | Farm |
| 25:32 | Build | Farm |
| 25:32 | Build | Farm |
| 25:32 | Build | Farm |
| 25:41 | Build | Town Center |
Build order — 带带大师兄
First 150 of 268 actions detected
| 0:03 | Build | Town Center |
| 1:21 | Build | Dock |
| 1:22 | Build | House |
| 2:28 | Create | Villager (Male) |
| 2:28 | Create | Villager (Male) |
| 2:29 | Create | Villager (Male) |
| 2:36 | Create | Villager (Male) |
| 2:36 | Create | Villager (Male) |
| 3:28 | Create | Fishing Ship |
| 3:51 | Build | House |
| 4:03 | Build | House |
| 4:20 | Build | Palisade Wall |
| 4:24 | Create | Villager (Male) |
| 4:53 | Create | Villager (Male) |
| 4:55 | Create | Fishing Ship |
| 5:17 | Create | Villager (Male) |
| 5:46 | Create | Villager (Male) |
| 5:53 | Build | House |
| 5:57 | Create | Fishing Ship |
| 6:11 | Create | Villager (Male) |
| 6:11 | Create | Villager (Male) |
| 6:31 | Create | Villager (Male) |
| 6:32 | Create | Villager (Male) |
| 6:35 | Create | Fishing Ship |
| 6:50 | Create | Villager (Male) |
| 6:51 | Create | Villager (Male) |
| 7:09 | Create | Fishing Ship |
| 7:12 | Build | House |
| 7:15 | Create | Villager (Male) |
| 7:16 | Create | Villager (Male) |
| 7:39 | Create | Villager (Male) |
| 7:39 | Create | Villager (Male) |
| 7:40 | Create | Villager (Male) |
| 7:40 | Create | Villager (Male) |
| 7:50 | Build | Palisade Wall |
| 7:56 | Create | Fishing Ship |
| 7:59 | Build | Palisade Wall |
| 8:20 | Create | Fishing Ship |
| 8:21 | Create | Villager (Male) |
| 8:48 | Build | House |
| 9:03 | Create | Villager (Male) |
| 9:16 | Build | Mining Camp |
| 9:18 | Build | Mill |
| 9:25 | Create | Villager (Male) |
| 9:25 | Create | Villager (Male) |
| 9:40 | Create | Villager (Male) |
| 9:44 | Create | Fishing Ship |
| 10:09 | Build | House |
| 10:24 | Build | Lumber Camp |
| 10:31 | Research | Feudal Age |
| 10:31 | Research | Feudal Age |
| 11:22 | Build | Barracks |
| 12:00 | Build | House |
| 12:01 | Build | Palisade Wall |
| 12:01 | Build | Palisade Wall |
| 12:02 | Build | Palisade Wall |
| 12:02 | Build | Palisade Wall |
| 12:33 | Create | Villager (Male) |
| 12:34 | Create | Villager (Male) |
| 12:41 | Build | Dock |
| 13:07 | Age | Feudal Age |
| 13:11 | Build | Archery Range |
| 13:17 | Build | Blacksmith |
| 13:33 | Build | House |
| 14:01 | Research | Castle Age |
| 14:01 | Research | Castle Age |
| 14:07 | Build | Archery Range |
| 14:13 | Build | Mill |
| 14:22 | Build | Dock |
| 14:41 | Research | Double-Bit Axe |
| 14:42 | Research | Double-Bit Axe |
| 15:05 | Create | Archer |
| 15:25 | Create | Fire Galley |
| 15:46 | Create | Fire Galley |
| 16:32 | Research | Tech 906 |
| 16:33 | Research | Tech 906 |
| 16:35 | Create | Villager (Male) |
| 16:37 | Research | Fletching |
| 16:37 | Research | Fletching |
| 16:41 | Age | Castle Age |
| 16:42 | Create | Cavalry Archer |
| 16:42 | Create | Cavalry Archer |
| 16:53 | Create | Cavalry Archer |
| 16:53 | Create | Villager (Male) |
| 17:06 | Create | Cavalry Archer |
| 17:06 | Create | Cavalry Archer |
| 17:07 | Create | Villager (Male) |
| 17:17 | Build | House |
| 17:48 | Create | Cavalry Archer |
| 17:48 | Create | Cavalry Archer |
| 17:49 | Create | Villager (Male) |
| 17:49 | Create | Villager (Male) |
| 18:01 | Create | Villager (Male) |
| 18:15 | Create | Villager (Male) |
| 18:26 | Build | Town Center |
| 18:30 | Build | Town Center |
| 18:32 | Create | Villager (Male) |
| 18:34 | Create | Cavalry Archer |
| 18:34 | Create | Cavalry Archer |
| 18:35 | Research | Bodkin Arrow |
| 18:35 | Research | Bodkin Arrow |
| 18:51 | Build | Lumber Camp |
| 18:55 | Create | Villager (Male) |
| 18:56 | Create | Villager (Male) |
| 18:57 | Create | Cavalry Archer |
| 18:57 | Create | Cavalry Archer |
| 19:11 | Create | Villager (Male) |
| 19:26 | Create | Cavalry Archer |
| 19:26 | Create | Cavalry Archer |
| 19:27 | Create | Villager (Male) |
| 19:30 | Research | Bow Saw |
| 19:30 | Research | Bow Saw |
| 19:48 | Create | Cavalry Archer |
| 19:49 | Create | Cavalry Archer |
| 19:50 | Create | Villager (Male) |
| 19:52 | Create | Villager (Male) |
| 19:53 | Create | Villager (Male) |
| 19:53 | Create | Villager (Male) |
| 20:20 | Create | Villager (Male) |
| 20:24 | Build | University |
| 20:33 | Create | Cavalry Archer |
| 20:33 | Create | Cavalry Archer |
| 20:33 | Create | Cavalry Archer |
| 20:44 | Create | Cavalry Archer |
| 20:45 | Create | Cavalry Archer |
| 20:45 | Create | Villager (Male) |
| 20:54 | Create | Villager (Male) |
| 21:08 | Research | Loom |
| 21:08 | Research | Loom |
| 21:21 | Create | Villager (Male) |
| 21:21 | Create | Villager (Male) |
| 21:21 | Create | Villager (Male) |
| 21:34 | Build | Town Center |
| 21:51 | Research | Ballistics |
| 21:51 | Research | Ballistics |
| 21:57 | Build | Barracks |
| 22:01 | Build | House |
| 22:01 | Build | House |
| 22:12 | Research | Padded Archer Armor |
| 22:12 | Research | Padded Archer Armor |
| 22:12 | Create | Villager (Male) |
| 22:13 | Create | Villager (Male) |
| 22:14 | Create | Cavalry Archer |
| 22:14 | Create | Cavalry Archer |
| 22:16 | Build | Archery Range |
| 22:37 | Create | Cavalry Archer |
| 22:38 | Create | Cavalry Archer |
| 22:38 | Create | Villager (Male) |
| 22:41 | Create | Villager (Male) |
| 22:45 | Build | Stable |
Build order — 3L GR4N JUJA
First 150 of 182 actions detected
| 0:18 | Build | Dock |
| 0:33 | Build | Town Center |
| 1:11 | Build | House |
| 2:45 | Create | Villager (Male) ×4 |
| 3:43 | Create | Villager (Male) |
| 3:43 | Create | Villager (Male) |
| 4:21 | Build | House |
| 4:29 | Create | Fishing Ship |
| 4:48 | Build | House |
| 5:00 | Create | Villager (Male) |
| 5:00 | Create | Villager (Male) |
| 5:25 | Create | Villager (Male) |
| 5:25 | Create | Villager (Male) |
| 5:49 | Create | Villager (Male) |
| 5:53 | Create | Fishing Ship |
| 6:13 | Create | Villager (Male) |
| 6:13 | Create | Villager (Male) |
| 6:17 | Build | House |
| 6:33 | Create | Villager (Male) |
| 6:33 | Create | Villager (Male) |
| 6:44 | Create | Fishing Ship |
| 6:44 | Create | Fishing Ship |
| 7:04 | Create | Villager (Male) |
| 7:04 | Create | Villager (Male) |
| 7:18 | Create | Villager (Male) |
| 7:18 | Create | Villager (Male) |
| 7:19 | Create | Fishing Ship |
| 7:25 | Build | House |
| 7:44 | Build | House |
| 8:04 | Create | Villager (Male) |
| 8:05 | Create | Villager (Male) |
| 8:05 | Create | Villager (Male) |
| 8:08 | Create | Fishing Ship |
| 8:29 | Create | Villager (Male) |
| 8:58 | Create | Fishing Ship |
| 9:07 | Create | Villager (Male) |
| 9:10 | Build | House |
| 9:12 | Build | Mining Camp |
| 9:46 | Create | Villager (Male) |
| 9:53 | Create | Fishing Ship |
| 10:25 | Research | Feudal Age |
| 10:26 | Research | Feudal Age |
| 10:39 | Create | Fishing Ship |
| 11:19 | Build | Mill |
| 11:37 | Create | Fishing Ship |
| 12:03 | Build | House |
| 12:23 | Create | Villager (Male) |
| 12:25 | Research | Loom |
| 12:30 | Build | Dock |
| 12:35 | Age | Feudal Age |
| 12:36 | Build | House |
| 13:13 | Build | Market |
| 13:15 | Create | Villager (Male) |
| 13:35 | Create | Villager (Male) |
| 13:51 | Build | Blacksmith |
| 14:24 | Research | Castle Age |
| 14:31 | Create | Galley |
| 14:31 | Create | Galley |
| 14:34 | Create | Galley |
| 14:39 | Build | House |
| 15:11 | Build | Lumber Camp |
| 15:25 | Research | Double-Bit Axe |
| 15:26 | Research | Double-Bit Axe |
| 15:30 | Create | Galley |
| 15:31 | Create | Galley |
| 15:54 | Create | Galley |
| 16:25 | Research | Fletching |
| 16:25 | Research | Fletching |
| 16:27 | Create | Galley |
| 16:27 | Create | Galley |
| 17:04 | Age | Castle Age |
| 17:08 | Build | House |
| 17:11 | Create | Villager (Male) |
| 17:13 | Research | War Galley (upgrade) |
| 17:14 | Research | War Galley (upgrade) |
| 17:16 | Create | Villager (Male) |
| 17:27 | Create | Fire Galley |
| 18:01 | Create | Fire Galley |
| 18:01 | Create | Fire Galley |
| 18:14 | Research | Bodkin Arrow |
| 18:14 | Research | Bodkin Arrow |
| 18:15 | Create | Villager (Male) |
| 18:15 | Create | Villager (Male) |
| 18:16 | Research | Bow Saw |
| 18:16 | Research | Bow Saw |
| 18:16 | Research | Bow Saw |
| 18:48 | Create | Fire Galley |
| 18:48 | Create | Fire Galley |
| 18:49 | Create | Villager (Male) |
| 18:49 | Create | Villager (Male) |
| 18:49 | Create | Villager (Male) |
| 19:12 | Create | Galley |
| 19:12 | Create | Galley |
| 19:28 | Create | Villager (Male) |
| 20:05 | Build | House |
| 20:08 | Research | Horse Collar |
| 20:08 | Research | Horse Collar |
| 20:14 | Create | Galley |
| 20:14 | Create | Galley |
| 20:24 | Build | House |
| 20:24 | Build | House |
| 20:54 | Create | Unit 2626 |
| 20:55 | Create | Unit 2626 |
| 21:10 | Create | Villager (Male) |
| 21:13 | Build | Town Center |
| 21:50 | Create | Unit 2626 |
| 21:50 | Create | Unit 2626 |
| 21:52 | Build | House |
| 21:59 | Create | Villager (Male) |
| 21:59 | Create | Villager (Male) |
| 21:59 | Create | Villager (Male) |
| 22:11 | Build | Mining Camp |
| 22:28 | Build | House |
| 22:28 | Build | House |
| 22:32 | Research | Wheelbarrow |
| 22:32 | Research | Wheelbarrow |
| 22:33 | Create | Villager (Male) |
| 22:33 | Create | Villager (Male) |
| 22:39 | Create | Villager (Male) |
| 23:05 | Create | Villager (Male) |
| 23:05 | Create | Villager (Male) |
| 23:07 | Build | Monastery |
| 23:37 | Build | Monastery |
| 23:39 | Create | Villager (Male) |
| 23:39 | Create | Villager (Male) |
| 23:49 | Build | Farm |
| 23:51 | Create | Monk |
| 23:58 | Build | House |
| 23:58 | Build | House |
| 24:23 | Build | Outpost |
| 24:26 | Build | Farm |
| 24:27 | Build | Farm |
| 24:30 | Create | Villager (Male) |
| 24:30 | Create | Villager (Male) |
| 24:30 | Create | Villager (Male) |
| 24:36 | Research | Redemption |
| 24:37 | Research | Redemption |
| 24:42 | Create | Villager (Male) |
| 24:43 | Create | Villager (Male) |
| 24:58 | Build | House |
| 25:03 | Research | Sanctity |
| 25:08 | Build | Farm |
| 25:09 | Build | Farm |
| 25:11 | Build | Farm |
| 25:46 | Build | House |
| 25:51 | Create | Monk |
| 25:51 | Create | Monk |
| 25:51 | Create | Villager (Male) |
| 25:51 | Create | Villager (Male) |
| 25:55 | Build | House |
Build order — _LY_Bad Koala
First 150 of 338 actions detected
| 0:03 | Build | Town Center |
| 0:30 | Build | Dock |
| 0:32 | Build | House |
| 2:25 | Create | Villager (Male) |
| 2:25 | Create | Villager (Male) |
| 2:25 | Create | Villager (Male) |
| 2:25 | Create | Villager (Male) |
| 3:10 | Create | Fishing Ship |
| 3:10 | Create | Fishing Ship |
| 3:36 | Create | Villager (Male) |
| 3:37 | Create | Villager (Male) |
| 3:45 | Build | House |
| 4:11 | Build | House |
| 4:28 | Create | Villager (Male) |
| 4:28 | Create | Villager (Male) |
| 4:28 | Create | Villager (Male) |
| 4:53 | Create | Villager (Male) |
| 4:53 | Create | Villager (Male) |
| 5:03 | Create | Fishing Ship |
| 5:22 | Create | Villager (Male) |
| 5:22 | Create | Villager (Male) |
| 5:22 | Create | Villager (Male) |
| 5:42 | Create | Villager (Male) |
| 5:42 | Create | Villager (Male) |
| 5:54 | Build | House |
| 6:10 | Create | Villager (Male) |
| 6:11 | Create | Villager (Male) |
| 6:12 | Create | Fishing Ship |
| 6:18 | Research | Loom |
| 6:31 | Create | Villager (Male) |
| 6:32 | Create | Villager (Male) |
| 6:35 | Build | House |
| 6:49 | Create | Villager (Male) |
| 7:04 | Create | Fishing Ship |
| 7:04 | Create | Fishing Ship |
| 7:13 | Build | House |
| 7:25 | Create | Villager (Male) |
| 7:25 | Create | Villager (Male) |
| 7:41 | Build | House |
| 7:51 | Create | Fishing Ship |
| 7:51 | Create | Fishing Ship |
| 7:52 | Create | Villager (Male) |
| 7:52 | Create | Villager (Male) |
| 8:17 | Create | Villager (Male) |
| 8:18 | Create | Villager (Male) |
| 8:18 | Create | Villager (Male) |
| 8:21 | Create | Fishing Ship |
| 8:22 | Create | Fishing Ship |
| 8:41 | Build | House |
| 8:46 | Create | Villager (Male) |
| 8:46 | Create | Villager (Male) |
| 8:47 | Create | Villager (Male) |
| 8:48 | Create | Villager (Male) |
| 8:51 | Create | Fishing Ship |
| 9:04 | Create | Villager (Male) |
| 9:04 | Create | Villager (Male) |
| 9:21 | Create | Villager (Male) |
| 9:28 | Create | Fishing Ship |
| 9:59 | Build | Dock |
| 10:08 | Build | Palisade Wall |
| 10:12 | Build | House |
| 10:20 | Build | Mining Camp |
| 10:36 | Create | Fishing Ship |
| 10:53 | Create | Fishing Ship |
| 10:53 | Create | Fishing Ship |
| 10:54 | Create | Fishing Ship |
| 11:29 | Build | House |
| 11:35 | Create | Fishing Ship |
| 11:35 | Create | Fishing Ship |
| 11:38 | Research | Feudal Age |
| 11:38 | Research | Feudal Age |
| 12:04 | Build | Palisade Wall |
| 12:42 | Build | Mill |
| 12:52 | Build | Lumber Camp |
| 13:38 | Create | Villager (Male) |
| 13:54 | Age | Feudal Age |
| 13:55 | Build | Market |
| 14:01 | Build | Blacksmith |
| 14:11 | Create | Villager (Male) |
| 14:15 | Research | Double-Bit Axe |
| 14:15 | Research | Double-Bit Axe |
| 14:29 | Create | Demolition Raft |
| 14:33 | Create | Fire Galley |
| 14:59 | Research | Castle Age |
| 14:59 | Research | Castle Age |
| 15:02 | Build | House |
| 15:07 | Research | Gold Mining |
| 15:18 | Create | Unit 2626 |
| 15:18 | Create | Unit 2626 |
| 15:41 | Create | Fire Galley |
| 15:41 | Create | Fire Galley |
| 15:44 | Build | Dock |
| 15:50 | Create | Fire Galley |
| 15:58 | Create | Villager (Male) |
| 16:00 | Build | House |
| 16:02 | Build | House |
| 16:03 | Build | House |
| 16:27 | Research | Tech 906 |
| 16:27 | Research | Tech 906 |
| 16:40 | Build | House |
| 16:49 | Build | Palisade Wall |
| 16:53 | Create | Villager (Male) |
| 17:26 | Create | Villager (Male) |
| 17:39 | Age | Castle Age |
| 17:40 | Build | Town Center |
| 17:52 | Build | Town Center |
| 18:10 | Research | Bow Saw |
| 18:10 | Research | Bow Saw |
| 18:10 | Research | Bow Saw |
| 18:21 | Build | Stone Wall |
| 18:28 | Create | Villager (Male) |
| 18:43 | Research | Horse Collar |
| 18:43 | Research | Horse Collar |
| 18:53 | Create | Villager (Male) |
| 18:53 | Create | Villager (Male) |
| 18:54 | Create | Villager (Male) |
| 19:04 | Create | Villager (Male) |
| 19:10 | Build | Stone Wall |
| 19:15 | Create | Villager (Male) |
| 19:17 | Research | Heavy Plow |
| 19:33 | Create | Villager (Male) |
| 19:33 | Create | Villager (Male) |
| 19:33 | Create | Villager (Male) |
| 19:35 | Build | Farm |
| 19:45 | Build | Town Center |
| 19:49 | Build | Farm |
| 19:50 | Build | Farm |
| 19:57 | Create | Villager (Male) |
| 19:57 | Create | Villager (Male) |
| 19:57 | Create | Villager (Male) |
| 20:13 | Build | Dock |
| 20:16 | Create | Villager (Male) |
| 20:16 | Create | Villager (Male) |
| 20:21 | Build | Farm |
| 20:24 | Create | Villager (Male) |
| 20:33 | Build | Farm |
| 20:34 | Create | Villager (Male) |
| 20:36 | Create | Villager (Male) |
| 20:36 | Create | Villager (Male) |
| 20:38 | Build | Farm |
| 20:39 | Build | Farm |
| 20:40 | Build | Farm |
| 20:45 | Build | Stone Wall |
| 20:46 | Build | House |
| 20:47 | Build | House |
| 20:55 | Build | Farm |
| 20:56 | Build | Farm |
| 21:00 | Build | Farm |
| 21:04 | Create | Villager (Male) |
| 21:06 | Build | Farm |
Build order — leonrules8
First 150 of 153 actions detected
| 0:28 | Build | Town Center |
| 1:32 | Build | Dock |
| 1:35 | Build | House |
| 2:54 | Create | Villager (Male) |
| 2:54 | Create | Villager (Male) |
| 2:54 | Create | Villager (Male) |
| 2:55 | Create | Villager (Male) |
| 2:55 | Create | Villager (Male) |
| 3:59 | Create | Fishing Ship |
| 4:23 | Create | Villager (Male) |
| 4:29 | Build | House |
| 5:23 | Create | Villager (Male) |
| 5:40 | Create | Fishing Ship |
| 5:45 | Create | Villager (Male) |
| 5:58 | Create | Villager (Male) |
| 5:58 | Create | Villager (Male) |
| 6:17 | Build | House |
| 6:24 | Create | Villager (Male) |
| 6:55 | Create | Fishing Ship |
| 6:57 | Create | Villager (Male) |
| 7:15 | Create | Villager (Male) |
| 7:30 | Research | Loom |
| 7:34 | Create | Fishing Ship |
| 7:57 | Create | Villager (Male) |
| 8:01 | Create | Fishing Ship |
| 8:07 | Build | House |
| 8:37 | Create | Villager (Male) |
| 8:38 | Create | Fishing Ship |
| 8:49 | Create | Villager (Male) |
| 9:44 | Build | Mill |
| 9:53 | Create | Villager (Male) |
| 10:17 | Create | Villager (Male) |
| 10:54 | Research | Feudal Age |
| 10:55 | Create | Villager (Male) |
| 10:57 | Create | Fishing Ship |
| 11:05 | Build | House |
| 11:50 | Build | House |
| 12:42 | Build | House |
| 13:04 | Age | Feudal Age |
| 13:06 | Build | Market |
| 13:10 | Build | Blacksmith |
| 13:34 | Create | Villager (Male) |
| 13:58 | Research | Castle Age |
| 14:19 | Build | Mining Camp |
| 15:02 | Create | Villager (Male) |
| 15:02 | Create | Villager (Male) |
| 15:43 | Create | Fishing Ship |
| 16:39 | Age | Castle Age |
| 16:44 | Create | Villager (Male) |
| 17:11 | Create | Villager (Male) |
| 17:15 | Create | Fishing Ship |
| 17:15 | Create | Fishing Ship |
| 17:42 | Build | Castle |
| 18:00 | Build | Lumber Camp |
| 18:32 | Create | Fishing Ship |
| 18:34 | Create | Villager (Male) |
| 18:35 | Create | Villager (Male) |
| 18:35 | Create | Villager (Male) |
| 19:01 | Build | Mining Camp |
| 19:13 | Create | Conquistador |
| 19:13 | Create | Conquistador |
| 19:29 | Create | Conquistador |
| 19:30 | Create | Villager (Male) |
| 19:31 | Create | Villager (Male) |
| 19:55 | Create | Conquistador |
| 19:56 | Create | Villager (Male) |
| 20:02 | Research | Double-Bit Axe |
| 20:02 | Research | Double-Bit Axe |
| 20:04 | Research | Horse Collar |
| 20:24 | Create | Conquistador |
| 20:25 | Create | Villager (Male) |
| 20:29 | Research | Heavy Plow |
| 20:36 | Research | Bow Saw |
| 20:49 | Create | Conquistador |
| 20:50 | Create | Villager (Male) |
| 21:22 | Create | Conquistador |
| 21:22 | Create | Villager (Male) |
| 21:38 | Build | House |
| 21:42 | Create | Conquistador |
| 22:05 | Create | Villager (Male) |
| 22:05 | Create | Villager (Male) |
| 22:17 | Build | Farm |
| 22:17 | Build | Farm |
| 22:17 | Build | Farm |
| 22:17 | Build | Farm |
| 22:18 | Build | Farm |
| 22:18 | Build | Farm |
| 22:18 | Build | Farm |
| 22:18 | Build | Farm |
| 22:19 | Build | Farm |
| 22:19 | Build | Farm |
| 22:19 | Build | Farm |
| 22:20 | Build | Farm |
| 22:37 | Create | Conquistador |
| 22:38 | Create | Villager (Male) |
| 23:14 | Create | Villager (Male) |
| 23:55 | Create | Villager (Male) |
| 23:56 | Create | Conquistador |
| 23:57 | Create | Villager (Male) |
| 24:20 | Create | Villager (Male) |
| 24:25 | Build | Farm |
| 24:26 | Build | Farm |
| 24:26 | Build | Farm |
| 24:26 | Build | Farm |
| 24:27 | Build | Farm |
| 24:34 | Create | Villager (Male) |
| 25:02 | Create | Conquistador |
| 25:04 | Create | Conquistador |
| 25:11 | Build | Town Center |
| 25:23 | Create | Conquistador |
| 25:26 | Create | Villager (Male) |
| 25:54 | Create | Conquistador |
| 25:55 | Create | Villager (Male) |
| 26:03 | Create | Conquistador |
| 26:19 | Build | Town Center |
| 27:04 | Create | Conquistador |
| 27:04 | Create | Conquistador |
| 27:06 | Create | Villager (Male) |
| 27:06 | Create | Villager (Male) |
| 27:07 | Create | Villager (Male) |
| 27:12 | Build | Farm |
| 27:12 | Build | Farm |
| 27:13 | Build | Farm |
| 27:13 | Build | Farm |
| 27:13 | Build | Farm |
| 27:30 | Create | Conquistador |
| 27:59 | Create | Villager (Male) |
| 28:00 | Create | Villager (Male) |
| 28:03 | Create | Villager (Male) ×2 |
| 28:25 | Create | Conquistador |
| 28:25 | Create | Conquistador |
| 28:26 | Create | Villager (Male) |
| 28:51 | Create | Conquistador |
| 28:52 | Create | Villager (Male) |
| 28:53 | Create | Villager (Male) |
| 29:09 | Create | Villager (Male) ×3 |
| 29:14 | Create | Villager (Male) |
| 29:23 | Research | Fletching |
| 30:04 | Create | Villager (Male) |
| 30:05 | Create | Villager (Male) |
| 30:05 | Create | Villager (Male) |
| 30:05 | Create | Villager (Male) |
| 30:06 | Create | Villager (Male) |
| 30:10 | Build | Mill |
| 30:11 | Build | Farm |
| 30:11 | Build | Farm |
| 30:11 | Build | Farm |
| 30:12 | Build | Farm |
| 30:12 | Build | Farm |
| 30:12 | Build | Farm |
Build order — 旋律
First 150 of 238 actions detected
| 0:39 | Build | Town Center |
| 0:53 | Build | Dock |
| 0:55 | Build | House |
| 2:50 | Create | Villager (Male) |
| 2:50 | Create | Villager (Male) |
| 3:20 | Create | Villager (Male) |
| 3:32 | Create | Fishing Ship |
| 4:02 | Create | Villager (Male) |
| 4:13 | Build | House |
| 4:23 | Build | House |
| 4:27 | Research | Loom |
| 4:27 | Research | Loom |
| 4:53 | Create | Villager (Male) |
| 4:56 | Create | Fishing Ship |
| 5:18 | Create | Villager (Male) |
| 5:19 | Create | Villager (Male) |
| 5:42 | Create | Villager (Male) |
| 5:45 | Build | House |
| 6:01 | Create | Fishing Ship |
| 6:11 | Create | Villager (Male) |
| 6:11 | Create | Villager (Male) |
| 6:30 | Create | Villager (Male) |
| 6:35 | Create | Fishing Ship |
| 6:53 | Build | House |
| 6:55 | Create | Villager (Male) |
| 7:10 | Create | Fishing Ship |
| 7:18 | Create | Villager (Male) |
| 7:31 | Create | Villager (Male) |
| 7:40 | Create | Fishing Ship |
| 7:51 | Create | Villager (Male) |
| 8:06 | Create | Villager (Male) |
| 8:10 | Build | House |
| 8:22 | Create | Villager (Male) |
| 8:36 | Create | Fishing Ship |
| 9:00 | Create | Fishing Ship |
| 9:10 | Create | Villager (Male) |
| 9:34 | Create | Villager (Male) |
| 9:37 | Build | House |
| 9:41 | Create | Fishing Ship |
| 9:46 | Build | Mill |
| 9:56 | Create | Villager (Male) |
| 10:29 | Build | Mining Camp |
| 10:45 | Research | Feudal Age |
| 10:58 | Create | Fishing Ship |
| 11:18 | Build | Dock |
| 11:22 | Create | Villager (Male) |
| 12:56 | Age | Feudal Age |
| 12:58 | Build | Blacksmith |
| 13:01 | Build | Market |
| 13:11 | Create | Villager (Male) |
| 13:50 | Research | Castle Age |
| 13:50 | Research | Castle Age |
| 13:52 | Build | Lumber Camp |
| 13:54 | Build | House |
| 14:11 | Create | Fire Galley |
| 14:37 | Research | Double-Bit Axe |
| 14:55 | Create | Fire Galley |
| 15:15 | Create | Villager (Male) |
| 15:30 | Build | House |
| 15:36 | Create | Fire Galley |
| 15:42 | Research | Horse Collar |
| 16:11 | Build | House |
| 16:30 | Age | Castle Age |
| 16:33 | Research | War Galley (upgrade) |
| 16:42 | Create | Villager (Male) |
| 16:49 | Research | Bow Saw |
| 16:57 | Build | Castle |
| 17:05 | Create | Villager (Male) |
| 17:25 | Create | Fire Galley |
| 17:26 | Create | Villager (Male) |
| 17:44 | Build | House |
| 17:45 | Build | House |
| 17:51 | Create | Villager (Male) |
| 17:51 | Create | Villager (Male) |
| 18:32 | Create | Villager (Male) |
| 18:40 | Create | Plumed Archer |
| 18:43 | Build | Town Center |
| 19:09 | Create | Villager (Male) |
| 19:10 | Create | Plumed Archer |
| 19:12 | Research | Fletching |
| 19:14 | Create | Villager (Male) |
| 19:29 | Create | Plumed Archer |
| 19:39 | Research | Wheelbarrow |
| 19:42 | Create | Plumed Archer |
| 20:00 | Create | Villager (Male) |
| 20:02 | Create | Villager (Male) |
| 20:02 | Create | Villager (Male) |
| 20:05 | Build | Mining Camp |
| 20:10 | Build | House |
| 20:11 | Build | House |
| 20:21 | Create | Villager (Male) |
| 20:27 | Build | Town Center |
| 20:30 | Create | Plumed Archer |
| 20:31 | Create | Plumed Archer |
| 20:35 | Build | Farm |
| 20:44 | Create | Villager (Male) |
| 20:46 | Build | Farm |
| 20:47 | Build | Farm |
| 20:48 | Create | Plumed Archer |
| 20:55 | Build | Farm |
| 21:09 | Create | Villager (Male) |
| 21:15 | Build | Farm |
| 21:25 | Research | Bodkin Arrow |
| 21:25 | Research | Bodkin Arrow |
| 21:34 | Build | Farm |
| 21:46 | Build | Farm |
| 21:51 | Create | Villager (Male) |
| 21:56 | Create | Plumed Archer |
| 22:04 | Create | Villager (Male) |
| 22:05 | Create | Villager (Male) |
| 22:13 | Create | Plumed Archer |
| 22:15 | Create | Villager (Male) |
| 22:15 | Create | Villager (Male) |
| 22:16 | Create | Villager (Male) |
| 22:18 | Build | Farm |
| 22:28 | Create | Villager (Male) |
| 22:31 | Create | Villager (Male) |
| 22:32 | Create | Plumed Archer |
| 22:36 | Create | Villager (Male) |
| 22:42 | Build | Farm |
| 22:43 | Create | Villager (Male) |
| 22:45 | Build | Farm |
| 22:46 | Build | Farm |
| 22:55 | Build | House |
| 22:56 | Build | House |
| 22:59 | Create | Plumed Archer |
| 23:03 | Create | Villager (Male) |
| 23:12 | Create | Villager (Male) |
| 23:23 | Create | Plumed Archer |
| 23:27 | Create | Villager (Male) |
| 23:33 | Create | Villager (Male) |
| 23:34 | Create | Plumed Archer |
| 23:41 | Create | Villager (Male) |
| 23:44 | Build | House |
| 23:46 | Create | Plumed Archer |
| 23:55 | Create | Villager (Male) |
| 23:56 | Build | Lumber Camp |
| 23:58 | Create | Villager (Male) |
| 23:59 | Build | Farm |
| 24:00 | Build | Farm |
| 24:01 | Create | Villager (Male) |
| 24:02 | Create | Plumed Archer |
| 24:12 | Create | Villager (Male) |
| 24:12 | Create | Villager (Male) |
| 24:14 | Build | University |
| 24:17 | Create | Plumed Archer |
| 24:20 | Research | Padded Archer Armor |
| 24:20 | Research | Padded Archer Armor |
| 24:22 | Create | Villager (Male) |
| 24:32 | Create | Plumed Archer |
Match timeline
| 0:18 | 3L GR4N JUJA · first_building Dock |
| 0:30 | _LY_Bad Koala · first_building Dock |
| 0:53 | RoR | Yokohama · first_building Dock |
| 0:53 | 旋律 · first_building Dock |
| 1:21 | 带带大师兄 · first_building Dock |
| 1:32 | leonrules8 · first_building Dock |
| 1:52 | JeFoRcE · first_building Dock |
| 2:08 | Djo · first_building Dock |
| 4:20 | 带带大师兄 · wall_segment Palisade Wall x1 |
| 7:50 | 带带大师兄 · wall_segment Palisade Wall x1 |
| 7:59 | 带带大师兄 · wall_segment Palisade Wall x1 |
| 10:08 | _LY_Bad Koala · wall_segment Palisade Wall x1 |
| 10:52 | JeFoRcE · wall_segment Palisade Wall x1 |
| 11:22 | 带带大师兄 · first_building Barracks |
| 11:31 | Djo · wall_segment Palisade Wall x7 |
| 11:33 | JeFoRcE · age_up feudal |
| 12:01 | 带带大师兄 · wall_segment Palisade Wall x1 |
| 12:01 | 带带大师兄 · wall_segment Palisade Wall x1 |
| 12:02 | 带带大师兄 · wall_segment Palisade Wall x1 |
| 12:02 | 带带大师兄 · wall_segment Palisade Wall x1 |
| 12:04 | _LY_Bad Koala · wall_segment Palisade Wall x6 |
| 12:23 | Djo · wall_segment Palisade Wall x1 |
| 12:35 | 3L GR4N JUJA · age_up feudal |
| 12:56 | 旋律 · age_up feudal |
| 13:04 | leonrules8 · age_up feudal |
| 13:07 | 带带大师兄 · age_up feudal |
| 13:11 | 带带大师兄 · first_building Archery Range |
| 13:11 | RoR | Yokohama · age_up feudal |
| 13:40 | Djo · age_up feudal |
| 13:50 | leonrules8 · first_market_sell 100 food |
| 13:54 | _LY_Bad Koala · age_up feudal |
| 14:15 | Djo · wall_segment Palisade Wall x1 |
| 14:16 | Djo · wall_segment Palisade Wall x1 |
| 14:19 | Djo · wall_segment Palisade Wall x6 |
| 14:25 | Djo · wall_segment Palisade Wall x5 |
| 14:26 | RoR | Yokohama · first_market_sell 100 wood |
| 15:28 | 3L GR4N JUJA · first_market_buy 100 wood |
| 16:30 | 旋律 · age_up castle |
| 16:39 | leonrules8 · age_up castle |
| 16:41 | 带带大师兄 · age_up castle |
| 16:47 | Djo · wall_segment Palisade Wall x1 |
| 16:48 | Djo · wall_segment Palisade Wall x1 |
| 16:49 | _LY_Bad Koala · wall_segment Palisade Wall x4 |
| 16:57 | 旋律 · first_building Castle |
| 17:04 | 3L GR4N JUJA · age_up castle |
| 17:05 | Djo · first_market_buy 100 stone |
| 17:07 | RoR | Yokohama · age_up castle |
| 17:10 | Djo · age_up castle |
| 17:16 | Djo · first_building Castle |
| 17:39 | _LY_Bad Koala · age_up castle |
| 17:42 | leonrules8 · first_building Castle |
| 18:17 | _LY_Bad Koala · first_market_buy 100 stone |
| 18:21 | _LY_Bad Koala · wall_segment Stone Wall x4 |
| 19:10 | _LY_Bad Koala · wall_segment Stone Wall x5 |
| 19:27 | Djo · first_building Siege Workshop |
| 20:32 | Djo · first_market_sell 100 food |
| 20:45 | _LY_Bad Koala · wall_segment Stone Wall x1 |
| 20:53 | JeFoRcE · first_market_buy 100 food |
| 20:55 | JeFoRcE · first_market_sell 100 wood |
| 22:45 | 带带大师兄 · first_building Stable |
| 23:07 | 3L GR4N JUJA · first_building Monastery |
| 23:28 | JeFoRcE · age_up castle |
| 24:58 | Djo · wall_segment Stone Wall x1 |
| 25:12 | _LY_Bad Koala · first_building Monastery |
| 26:03 | 带带大师兄 · first_building Siege Workshop |
| 26:10 | _LY_Bad Koala · first_building Castle |
| 26:11 | 3L GR4N JUJA · first_market_sell 100 food |
| 26:35 | _LY_Bad Koala · first_market_sell 100 food |
| 26:56 | 3L GR4N JUJA · first_building Castle |
| 27:29 | _LY_Bad Koala · first_building Barracks |
| 28:16 | _LY_Bad Koala · first_building Stable |
| 28:33 | 3L GR4N JUJA · first_building Siege Workshop |
| 29:03 | 带带大师兄 · first_building Monastery |
| 29:13 | 旋律 · first_market_sell 500 wood |
| 30:13 | _LY_Bad Koala · age_up imperial |
| 30:20 | 3L GR4N JUJA · resign |
| 30:32 | JeFoRcE · first_building Barracks |
[ AI ANALYSIS · 1 CREDIT ]
What really happened in this match?
Wolo.gg analyzes every decision: build order, eco, micro, common mistakes by bracket. Personalized analysis on WhatsApp or Discord in 30 seconds.
Civ guide
Spanish
Perfil
Djo